 Dungeon Crawl Stone Soup version 0.20.1-1-g8b1a95d (webtiles) character file.

937 Gargoyl the Covered (level 7, 0/62 HPs)
             Began as a Minotaur Abyssal Knight on Oct 12, 2017.
             Was a Priest of Lugonu.
             Slain by a gnoll
             ... wielding a +0 flail
              (9 damage)
             ... on level 3 of the Dungeon on Oct 13, 2017.
             The game lasted 00:09:54 (4613 turns).

Gargoyl the Covered (Minotaur Abyssal Knight)       Turns: 4613, Time: 00:09:56

Health: 0/62       AC:  3    Str: 16    XL:     7   Next: 87%
Magic:  8/8        EV:  7    Int:  9    God:    Lugonu [***...]
Gold:   349        SH:  0    Dex: 12    Spells: 6/6 levels left

rFire    . . .     SeeInvis .   o - +1 battleaxe (elec)
rCold    . . .     Gourm    .   (shield currently unavailable)
rNeg     . . .     Faith    .   d - +0 chain mail
rPois    .         Spirit   .   (helmet restricted)
rElec    .         Reflect  .   m - +0 cloak
rCorr    .         Harm     .   (no gloves)
MR       .....                  (no boots)
Stlth    ..........             (no amulet)
Regen    0.2/turn               (no ring)
MPRegen  0.2/turn               (no ring)

@: lethally poisoned (0 -> -1), about to teleport, corroded
A: retaliatory headbutt, horns 2
a: Depart the Abyss, Bend Space, Banish, Renounce Religion


You were on level 3 of the Dungeon.
You worshipped Lugonu.
Lugonu was most pleased with you.
You were not hungry.

You visited 1 branch of the dungeon, and saw 7 of its levels.
You visited the Abyss 1 time.

You collected 349 gold pieces.

Inventory:

Hand Weapons
 a - a +1 hand axe
 o - a +1 battleaxe of electrocution (weapon)
Missiles
 f - 7 silver tomahawks (quivered)
Armour
 d - a +0 chain mail (worn)
 m - a +0 cloak (worn)
Jewellery
 s - an uncursed amulet of magic regeneration {unknown}
Wands
 i - a wand of flame (48/48)
 r - a wand of lightning (6/15)
Scrolls
 h - a scroll of blinking
 t - a scroll of remove curse
Potions
 b - 2 potions of curing
 e - a potion of invisibility {unknown}
 g - a potion of cancellation {unknown}
 p - 2 potions of mutation {unknown}
 q - a potion of lignification {unknown}
Books
 k - a book of Misfortune

   Spells                             Type                      Level
   a - Confusing Touch                Hexes                        1
   b - Confuse                        Hexes                        3
   c - Gell's Gravitas                Translocation                3
   d - Petrify                        Transmutation/Earth          4
   e - Metabolic Englaciation         Hexes/Ice                    5
   f - Yara's Violent Unravelling     Hexes/Transmutation          5
Comestibles
 c - 3 bread rations
 j - a meat ration
 n - 2 royal jellies
 u - 7 chunks of flesh


   Skills:
 + Level 5.8 Fighting
 + Level 6.1 Axes
 * Level 6.8 Armour
 + Level 1.8 Dodging
   Level 1.6 Shields
 * Level 3.5 Invocations


You had 6 spell levels left.
You didn't know any spells.

Dungeon Overview and Level Annotations

Branches:
Dungeon (7/15)
 Temple: D:4-7

Altars:
Elyvilon
Gozag
Hepliaklqana
Nemelex Xobeh


Innate Abilities, Weirdness & Mutations

You reflexively headbutt those who attack you in melee.
You have a pair of horns on your head.


Message History

a throwing net; 18 arrows
There is a stone staircase leading up here.
The adder bites you.
* * * LOW HITPOINT WARNING * * *
The gnoll misses you. You furiously retaliate!
You headbutt the gnoll, but do no damage.
You climb upwards.
The orc shouts! x2; The orc wizard shouts!
An adder comes into view.
The orc wizard points at you and mumbles some strange words.
The puff of frost hits you!
* * * LOW HITPOINT WARNING * * *
There is a stone staircase leading down here.
As you read the scroll of teleportation, it crumbles to dust.
You feel strangely unstable. The adder bites you but does no damage.
The adder bites you.
* * * LOW HITPOINT WARNING * * *
You are poisoned.
The adder poisons you! The gnoll hits you with a flail!
You die...

###.......#
##.##.......##
#.........#
#...#####.#...
#....###### #...#
#.#... #.)..# #...#
#(#... #....# #...#
#.#.[. #.)†.# #...#
#.#... #....#
######o..#####.#.##
######
#..............#...
#.@S....###########
#Sog....# #..o....#
#.......# #.......#
#########


You could see an orc wizard, a gnoll, 2 adders and 2 orcs.

Vanquished Creatures
  Menkaure (D:4)
  An ogre (D:4)
  Blork the orc (D:4)
  2 bullfrogs
  3 howler monkeys
  A crimson imp (D:4)
  A hound (D:4)
  An orc wizard (D:4)
  Crazy Yiuf (D:2)
  Terence (D:2)
  An iguana (D:3)
  A worker ant (D:4)
  Robin (D:3)
  8 adders
  4 gnolls (D:3)
  A shadow imp (D:6)
  An adder zombie (D:6)
  A worm (D:3)
  A dart slug (D:2)
  9 leopard geckos
  3 orcs
  7 giant cockroaches
  11 goblins
  12 hobgoblins
  4 quokkas
  7 bats
  3 frilled lizards
  7 kobolds
  A quokka zombie (D:6)
  7 rats
  A fungus (D:2)
104 creatures vanquished.

Vanquished Creatures (others)
  An adder (D:2)
1 creature vanquished.

Grand Total: 105 creatures vanquished

Notes
Turn   | Place    | Note
-------+----------+-------------------------------------------
     0 | Abyss:1  | Gargoyl the Minotaur Abyssal Knight began the quest for the Orb.
     0 | Abyss:1  | Reached XP level 1. HP: 19/19 MP: 1/1
    36 | Abyss:1  | Noticed a vampire
    37 | D:1      | Escaped the Abyss
   603 | D:1      | Reached XP level 2. HP: 26/27 MP: 2/2
   989 | D:2      | Reached * piety under Lugonu
  1070 | D:2      | Reached XP level 3. HP: 27/33 MP: 3/3
  1155 | D:2      | Noticed Terence
  1175 | D:2      | Killed Terence
  1342 | D:2      | Found an opulent altar of Gozag.
  1382 | D:2      | Reached XP level 4. HP: 7/41 MP: 4/4
  1732 | D:2      | Found a sparkling altar of Nemelex Xobeh.
  1840 | D:2      | Found a white marble altar of Elyvilon.
  2076 | D:2      | Found a runed door.
  2080 | D:2      | Noticed Crazy Yiuf
  2087 | D:2      | Killed Crazy Yiuf
  2361 | D:3      | Found a hazy altar of Hepliaklqana.
  2430 | D:3      | Noticed Robin
  2432 | D:3      | Reached XP level 5. HP: 17/47 MP: 5/5
  2447 | D:3      | Killed Robin
  2509 | D:3      | Reached ** piety under Lugonu
  3029 | D:3      | Reached skill level 1 in Shields
  3128 | D:3      | Reached skill level 5 in Fighting
  3535 | D:4      | Noticed Blork the orc
  3542 | D:4      | Killed Blork the orc
  3542 | D:4      | Reached XP level 6. HP: 12/56 MP: 7/7
  4052 | D:4      | Reached skill level 5 in Armour
  4120 | D:4      | You fall through a shaft for 3 floors!
  4125 | D:7      | Reached skill level 5 in Axes
  4130 | D:7      | Reached XP level 7. HP: 46/61 MP: 8/8
  4248 | D:6      | Found an opulent altar of Gozag.
  4426 | D:5      | Entered Level 5 of the Dungeon
  4502 | D:4      | Noticed Menkaure
  4505 | D:4      | Killed Menkaure
  4515 | D:4      | Reached *** piety under Lugonu
  4613 | D:3      | Slain by a gnoll

Skill      XL: |  1  2  3  4  5  6  7 |
---------------+----------------------+-----
Fighting       | 4 5 |  5.8
Invocations    | 2 3 |  3.5
Axes           | 3 4 5 6 |  6.1
Armour         | 3 4 5 6 |  6.8
Shields        | 1 |  1.6
Dodging        | |  1.8

Action                   |  1- 3 |  4- 6 |  7- 9 || total
-------------------------+-------+-------+-------++-------
Melee: Hand axe          |    95 |   159 |       ||   254
       Headbutt          |    11 |    31 |     5 ||    47
       Battleaxe         |       |    38 |    30 ||    68
Invok: Depart the Abyss  |     1 |       |       ||     1
  Use: Scroll            |     5 |    10 |     1 ||    16
       Potion            |       |     2 |     1 ||     3
  Eat: Chunk             |     1 |     9 |     2 ||    12
Armor: Chain mail        |    73 |   136 |    26 ||   235
Dodge: Dodged            |    39 |    60 |    19 ||   118
Block: Buckler           |     6 |    37 |       ||    43
